 Dungeon Crawl Stone Soup version 0.27.0-1-g7a089689b8 (webtiles) character file.

Game seed: 859679093317741424

151 horus123 the Bolt Thrower (level 5, -1/31 HPs)
             Began as a Kobold Hunter on Aug 14, 2021.
             Slain by a jelly (3 damage)
             ... on level 4 of the Dungeon.
             The game lasted 00:07:47 (3034 turns).

horus123 the Bolt Thrower (Kobold Hunter)           Turns: 3034, Time: 00:07:48

Health: -1/31      AC:  4    Str:  9    XL:     5   Next: 59%
Magic:  5/5        EV: 14    Int: 13    God:
Gold:   148        SH:  0    Dex: 16    Spells: 4/4 levels left

rFire    . . .     SeeInvis .   b - +0 short sword
rCold    . . .     Faith    .   (shield restricted)
rNeg     . . .     Spirit   .   c - +0 leather armour
rPois    .         Reflect  .   (no helmet)
rElec    .         Harm     .   (no cloak)
rCorr    .         Rampage  .   j - +0 pair of gloves
Will     .....                  (no boots)
Stlth    +++.......             (no amulet)
HPRegen  0.10/turn              (no ring)
MPRegen  0.09/turn              (no ring)

@: no status effects
A: small, no large weapons, nightstalker 3
a: no special abilities


You were on level 4 of the Dungeon.
You visited 1 branch of the dungeon, and saw 4 of its levels.

You collected 181 gold pieces.
You spent 33 gold pieces at shops.

Inventory:

Hand Weapons
 a - a +2 hand crossbow
 b - a +0 short sword (weapon)
 q - a +2 hand axe of freezing
Missiles
 d - 3 bolts
Armour
 c - a +0 leather armour (worn)
 j - a +0 pair of gloves (worn)
Jewellery
 m - a ring of willpower
 p - an amulet of magic regeneration
Scrolls
 e - 3 scrolls of noise
 h - a scroll of amnesia {unknown}
 l - 2 scrolls of vulnerability
 o - a scroll of teleportation
 r - a scroll of magic mapping {unknown}
Potions
 f - a potion of lignification {unknown}
 g - a potion of ambrosia
 i - a potion of experience {unknown}
 k - 3 potions of flight {unknown}
 n - a potion of curing


   Skills:
 + Level 2.5 Fighting
 + Level 1.2 Short Blades
 * Level 6.6 Crossbows
 + Level 0.4 Armour
 + Level 3.0 Dodging
 * Level 3.1 Stealth


You had 4 spell levels left.
You didn't know any spells.
Your spell library was empty.

Dungeon Overview and Level Annotations

Branches:
Dungeon (4/15)
 Temple: D:4-7

Altars:
Elyvilon
Kikubaaqudgha
Wu Jian

Shops:
D:3 !


Innate Abilities, Weirdness & Mutations

You are small and have problems with some larger weapons.
You are completely attuned to the shadows.


Message History

The ball python bites you but does no damage.
The ball python barely misses you.
You hit the ball python.
The ball python is heavily wounded.
The ball python bites you. The ball python barely misses you.
The ball python misses you. x2
You barely miss the ball python.
The ball python is moderately wounded.
The jelly hits you.
You are splashed with acid!
The ball python bites you but does no damage.
The ball python grabs you. The ball python constricts you.
You closely miss the ball python.
The ball python is moderately wounded.
The jelly hits you but does no damage. The ball python barely misses you.
The ball python constricts you. The jelly hits you but does no damage.
You hit the ball python.
You kill the ball python!
The jelly misses you. The jelly hits you but does no damage.
You see here a ball python corpse.
You hit the jelly.
Your hands burn!
* * * LOW HITPOINT WARNING * * *
The jelly is severely wounded.
The jelly hits you.
* * * LOW HITPOINT WARNING * * *
The acid corrodes you!
You are splashed with acid.
* * * LOW HITPOINT WARNING * * *
Unknown command.
Unknown command.
The jelly jiggles.
Okay, then.
Unknown command.
You are no longer corroded.
Unknown command.
You hit the jelly.
Your hands burn!
* * * LOW HITPOINT WARNING * * *
The jelly is almost dead.
The jelly hits you.
You die...

.....................#
....................#
..................##
.................#
...............##
..........#
.........## ....J...##
....@..## ......##
......# .....## ......


You could see a jelly.

Vanquished Creatures
  A gnoll (D:2)
  4 adders
  2 worms
  2 dart slugs
  2 orcs
  4 ball pythons
  6 bats
  6 endoplasms (D:1)
  3 giant cockroaches
  7 goblins
  5 hobgoblins
  12 jackals
  2 quokkas
  3 frilled lizards
  9 kobolds
  9 rats
77 creatures vanquished.

Vanquished Creatures (collateral kills)
  2 gnolls (D:2)
2 creatures vanquished.

Vanquished Creatures (others)
  5 fungi (D:1)
  3 plants (D:1)
8 creatures vanquished.

Grand Total: 87 creatures vanquished

Notes
Turn   | Place    | Note
-------+----------+-------------------------------------------
     0 | D:1      | horus123 the Kobold Hunter began the quest for the Orb.
     0 | D:1      | Reached XP level 1. HP: 12/12 MP: 1/1
   101 | D:1      | Reached skill level 5 in Crossbows
   111 | D:1      | Reached XP level 2. HP: 17/17 MP: 2/2
   277 | D:1      | Reached XP level 3. HP: 21/21 MP: 3/3
   301 | D:1      | Found a faded altar of an unknown god.
   828 | D:1      | Reached XP level 4. HP: 26/27 MP: 4/4
  1101 | D:2      | Reached skill level 6 in Crossbows
  1593 | D:2      | Found an ancient bone altar of Kikubaaqudgha.
  1664 | D:2      | Reached XP level 5. HP: 26/31 MP: 5/5
  2199 | D:3      | Found Edghunuky's Distillery.
  2208 | D:3      | Bought a potion of curing for 33 gold pieces
  2375 | D:3      | Reached skill level 1 in Short Blades
  2557 | D:3      | Found a white marble altar of Elyvilon.
  2742 | D:3      | Found an ornate altar of the Wu Jian Council.
  3009 | D:4      | HP: 1/31 [acid (6)]
  3034 | D:4      | Slain by a jelly

Illustrated notes

Levels and vault maps discovered:
D:1:      giann_forest_graveyard, layout_rooms, dreamdust_ecumenical_altar_grove
D:2:      layout_loops_ring, basic_altar
D:3:      layout_rooms, old_standard_altar, nicolae_wu_jian_wuxing_cycle,
          serial_shops, nicolae_shop_temple_entry_statues_fountains,
          kennysheep_generic_room_15
D:4:      layout_layer_cave, serial_shops, nicolae_shop_window_shopping,
          uniq_pikel

Skill      XL: |  1  2  3  4  5 |
---------------+----------------+-----
Crossbows      | 5 6 |  6.6
Stealth        | 2 3 |  3.1
Dodging        | 3 |  3.0
Short Blades   | 1 |  1.2
Fighting       | |  2.5
Armour         | |  0.4

Action                   |  1- 3 |  4- 6 || total
-------------------------+-------+-------++-------
Melee: Short sword       |       |   147 ||   147
 Fire: Hand crossbow     |    78 |    36 ||   114
  Use: Scroll            |     2 |     6 ||     8
 Stab: Sleeping          |       |     7 ||     7
Armor: Leather armour    |     8 |    46 ||    54
Dodge: Dodged            |    32 |   131 ||   163
